Map: New Gettysburg LE

Players

Fropez - Winner!

  • Race: Protoss Protoss
  • League: Gold
  • Spawn Location: 5:00

Explorespace

  • Race: Terran Terran
  • Spawn Location: 7:00

VOD

Have the link to the VOD?

Description

Time

  • Played on: Oct. 22, 2016, 2:43 p.m.
  • Length: 14:23
Show
View Real Time Build Order
Export as new Build Order

Fropez Protoss - Winner!

Build Orders: Mass Adepts 

Get SALT Encoding   

  12  0:01  Probe (Chrono Boost)  
  13  0:15  Pylon  
  13  0:18  Probe (Chrono Boost)  
  14  0:26  Assimilator  
  14  0:29  Probe (Chrono Boost)  
  15  0:43  Gateway  
  15  0:45  Probe (Chrono Boost)  
  16  0:56  Probe (Chrono Boost)  
  17  1:06  Probe (Chrono Boost)  
  18  1:12  Gateway  
  18  1:17  Probe (Chrono Boost)  
  19  1:23  Pylon  
  19  1:27  Probe (Chrono Boost)  
  20  1:53  Nexus  
  20  2:01  Assimilator  
  20  2:07  Cybernetics Core  
  20  2:10  Probe (Chrono Boost)  
  21  2:24  Probe (Chrono Boost)  
  22  2:35  Probe (Chrono Boost)  
  22  2:43  Warp Gate  
  22  2:47  Gateway  
  22  2:48  Gateway, Mothership Core (Chrono Boost)  
  24  2:58  Pylon  
  24  3:02  Assimilator  
  24  3:04  Adept  
  26  3:07  Probe (Chrono Boost)  
  26  3:10  Adept  
  29  3:22  Probe (Chrono Boost)  
  30  3:36  Probe (Chrono Boost)  
  31  3:43  Adept  
  31  3:44  Adept x2  
  31  3:45  Adept  
  39  3:52  Probe (Chrono Boost)  
  39  3:53  Probe (Chrono Boost)  
  37  4:11  Adept x3  
  37  4:12  Adept  
  45  4:48  Probe (Chrono Boost)  
  45  4:49  Probe (Chrono Boost), Assimilator  
  45  5:07  Adept x2  
  45  5:08  Adept x2  
  45  5:13  Probe (Chrono Boost)  
  54  5:23  Twilight Council  
  54  5:25  Pylon  
  54  5:27  Pylon  
  54  5:29  Pylon  
  54  5:33  Pylon  
  54  5:43  Probe x2 (Chrono Boost)  
  54  5:44  Adept x3  
  54  5:45  Adept  
  64  5:51  Assimilator  
  64  5:53  Probe x2 (Chrono Boost)  
  66  5:58  Gateway  
  67  6:04  Probe (Chrono Boost)  
  65  6:38  Templar Archives  
  65  6:39  Probe (Chrono Boost)  
  66  6:40  Probe (Chrono Boost)  
  66  6:42  Gateway  
  66  6:45  Adept x4  
  75  6:50  Probe (Chrono Boost)  
  66  7:35  Adept x4  
  64  7:44  Probe (Chrono Boost)  
  64  7:45  Probe (Chrono Boost)  
  64  7:47  Resonating Glaives (Chrono Boost)  
  64  7:49  Nexus  
  64  7:53  Assimilator  
  64  7:57  Assimilator  
  64  7:58  High Templar x6  
  58  8:00  Pylon x2  
  64  8:12  Probe  
  65  8:13  Probe  
  66  8:32  Adept x2  
  66  8:33  Adept x4  
  78  8:39  Probe  
  78  8:41  Probe  
  78  8:48  Archon x2  
  78  8:49  Archon  
  78  8:57  Probe  
  78  8:58  Probe  
  78  9:00  Forge  
  78  9:01  Adept x2  
  78  9:02  Adept x4  
  92  9:10  Probe  
  93  9:24  Protoss Ground Weapons Level 1 (Chrono Boost)  
  93  9:28  Adept x5  
  93  9:29  Adept, Probe x2  
  93  9:30  Probe  
  108  9:41  Blink (Chrono Boost)  
  108  9:54  Adept  
  108  9:55  Adept x3  
  116  10:31  Pylon  
  116  10:36  Pylon  
  116  10:40  Pylon  
  116  10:47  Pylon  
  116  10:49  Probe  
  117  10:50  Probe, Photon Cannon  
  117  10:51  Photon Cannon  
  117  10:53  Photon Cannon  
  117  10:54  Stalker x2  
  117  10:55  Photon Cannon, Stalker x4  
  130  10:57  Pylon  
  130  10:59  Pylon  
  130  11:08  Probe, Gateway  
  130  11:09  Probe x2  
  133  11:19  Pylon  
  133  11:28  Stalker x4  
  133  11:29  Stalker x2  
  145  11:52  Protoss Ground Weapons Level 2  
  145  12:04  Stalker x2  
  145  12:05  Stalker x4  
  157  12:17  Robotics Facility  
  157  12:22  Probe x2  
  158  12:23  Probe  
  158  12:29  Nexus  
  108  13:23  Stalker  
  108  13:24  Stalker x6  
  108  13:25  Probe  
  121  13:27  Probe x2  
  118  13:34  Warp Prism  
  107  13:48  Gateway x2  
  103  13:51  Gateway  
  103  13:53  Gateway  
  103  13:55  High Templar x6, Assimilator, Gateway  
  109  13:56  High Templar  
  109  13:57  Assimilator  
  109  13:58  Forge, Gateway  
  109  13:59  Archon x2  
  109  14:00  Archon  
  109  14:02  Pylon  
  117  14:04  Pylon  
  117  14:07  Pylon  
  117  14:09  Pylon  
Show
View Real Time Build Order
Export as new Build Order

Explorespace Terran 

Build Orders:  

Get SALT Encoding   

  12  0:01  SCV  
  13  0:13  SCV  
  14  0:24  Supply Depot  
  14  0:25  SCV  
  15  0:41  Supply Depot  
  15  0:45  SCV  
  15  0:49  Barracks  
  16  0:57  SCV  
  17  1:07  Barracks  
  17  1:09  SCV  
  18  1:22  SCV  
  19  1:26  Barracks  
  19  1:34  SCV  
  20  1:42  Barracks  
  20  1:44  Marine  
  20  1:46  SCV  
  22  1:58  SCV  
  23  2:02  Marine  
  23  2:03  Marine  
  25  2:10  SCV  
  25  2:13  Marine  
  27  2:19  Marine  
  27  2:21  Marine  
  27  2:22  SCV  
  30  2:24  Supply Depot  
  30  2:31  Marine  
  31  2:42  Supply Depot  
  31  2:45  Marine x3, SCV  
  31  2:49  Marine  
  36  3:03  Marine x3  
  39  3:10  Refinery  
  39  3:11  Refinery  
  39  3:12  Marine  
  40  3:14  SCV  
  41  3:26  SCV  
  45  3:32  Supply Depot  
  42  3:43  SCV  
  42  3:47  Command Center  
  43  3:55  Marine, SCV  
  44  3:56  Marine x3  
  43  4:13  Marine  
  43  4:14  Marine x2  
  41  4:38  SCV  
  41  4:40  Supply Depot  
  41  4:41  Factory  
  41  4:43  Engineering Bay  
  38  4:47  Marine  
  38  4:48  Marine x3  
  38  4:50  SCV  
  43  4:53  Bunker  
  43  5:10  SCV  
  43  5:14  Orbital Command  
  44  5:20  Refinery  
  44  5:22  SCV  
  44  5:25  Supply Depot  
  45  5:32  Starport  
  45  5:36  Factory Tech Lab, Supply Depot  
  45  5:40  SCV  
  45  5:41  SCV, Refinery  
  47  5:47  Marine x2  
  49  5:52  SCV  
  49  5:53  SCV  
  51  6:00  Supply Depot, Bunker  
  51  6:04  SCV  
  52  6:05  SCV  
  53  6:13  Marine x2  
  53  6:14  Marine  
  53  6:16  SCV  
  53  6:18  SCV  
  58  6:23  Starport Tech Lab  
  58  6:24  Starport  
  58  6:41  SCV  
  58  6:45  Siege Tank  
  62  6:53  SCV  
  63  6:55  Marine  
  63  7:03  Marine x2  
  63  7:05  SCV  
  63  7:07  SCV  
  67  7:11  Supply Depot  
  63  7:17  Siege Tank, SCV  
  63  7:19  SCV  
  61  7:35  Marine  
  50  7:49  Siege Tank  
  42  8:10  Marine  
  42  8:11  Marine x3  
  46  8:29  SCV  
  46  8:42  SCV  
  47  8:52  Starport Tech Lab  
  47  8:57  SCV  
  47  9:00  Command Center  
  48  9:06  Medivac  
  48  9:09  SCV  
  50  9:21  SCV  
  51  9:31  Marine x4  
  52  9:36  Medivac  
  57  9:40  Command Center  
  57  9:43  Fusion Core  
  57  9:45  SCV  
  58  9:49  Marine x4  
  58  9:50  SCV  
  63  10:01  SCV  
  63  10:02  SCV  
  66  10:08  Barracks Tech Lab  
  66  10:10  Barracks Reactor  
  66  10:12  Barracks Reactor  
  66  10:13  SCV  
  66  10:14  Barracks Reactor  
  66  10:28  SCV  
  66  10:32  Marine  
  68  10:40  SCV  
  68  10:42  SCV  
  70  10:50  Marine  
  70  10:53  SCV  
  70  10:54  SCV  
  73  11:05  SCV  
  73  11:08  Marine  
  75  11:12  Marine x4  
  75  11:16  Battlecruiser  
  85  11:23  Orbital Command  
  85  11:39  Missile Turret  
  85  11:41  SCV  
  86  11:54  SCV  
  83  11:56  Raven  
  85  12:06  SCV  
  85  12:08  Starport  
  86  12:17  Supply Depot, Terran Infantry Weapons Level 1  
  86  12:18  SCV  
  86  12:21  SCV, Battlecruiser  
  97  12:30  Siege Tank, SCV  
  97  12:33  SCV  
  97  12:34  Marine x3  
  97  12:35  Marine  
  103  12:42  SCV  
  88  13:01  Marine  
  88  13:02  Marine x4  
  88  13:03  Marine  
  92  13:06  Marauder  
  92  13:07  Concussive Shells  
  92  13:10  Starport Tech Lab  
  66  13:25  SCV  
  53  13:28  Marauder  
  53  13:32  Orbital Command  
  58  13:37  SCV  
  59  13:49  SCV  
  67  14:07  SCV  
Tags
 
Composition
Mass Adepts
League
Gold
Matchup
PvT
Replay Pack
From the laptop
Spawn Locations
Close Positions
Add a new tag
Caveats
  • Supply blocks, unpowered buildings, or Contaminate may cause inaccurate times.
  • Supply counts are checked every 10 seconds.